 Dungeon Crawl Stone Soup version 0.30-b1-2-g02819fbbbe (webtiles) character file.

Game seed: 1369444693056012389

68 magipi the Digger (level 4, 0/24 HPs)
             Began as a Gargoyle Earth Elementalist on May 23, 2023.
             Slain by a gnoll
             ... wielding a +0 quarterstaff
              (6 damage)
             ... on level 3 of the Dungeon.
             The game lasted 00:06:33 (1589 turns).

magipi the Digger (Gargoyle Earth Elementalist)     Turns: 1589, Time: 00:06:33

Health: 0/24       AC:  6    Str: 11    XL:     4   Next: 19%
Magic:  3/8        EV: 12    Int: 18    God:
Gold:   95         SH:  0    Dex: 18    Spells: 2/8 levels left

rFire   . . .        a - +5 hand axe of Wysi {flame, rC+ rN+ Dex+8}
rCold   + . .        (no shield)
rNeg    + + .        c - +0 robe
rPois   ∞            (no helmet)
rElec   +            (no cloak)
rCorr   .            i - +0 pair of gloves
SInv    .            (no boots)
Will    .....        (no amulet)
Stlth   ++           (no ring)
HPRegen 0.24/turn    (no ring)
MPRegen 0.11/turn

%: no passive effects
@: no status effects
A: sickness immunity, AC +3, negative energy resistance 1, electricity
resistance, torment resistance 1, petrification resistance
a: no special abilities


You were on level 3 of the Dungeon.
You visited 1 branch of the dungeon, and saw 3 of its levels.

You collected 95 gold pieces.

Inventory:

Hand Weapons
 a - the +5 hand axe of Wysi (weapon) {flame, rC+ rN+ Dex+8}
   (You found it on level 2 of the Dungeon)

   Dex:       It affects your dexterity (+8).
   rC:        It protects you from cold.
   rN:        It protects you from negative energy.
 b - a +0 short sword
   (You found it on level 1 of the Dungeon)
Armour
 c - a +0 robe (worn)
 i - a +0 pair of gloves (worn)
   (You found it on level 2 of the Dungeon)
Jewellery
 j - a ring of flight
   (You found it on level 2 of the Dungeon)
Wands
 m - a wand of flame (15)
   (You found it on level 2 of the Dungeon)
Scrolls
 d - 5 scrolls of identify {unknown}
 e - 2 scrolls of noise {unknown}
 f - a scroll of teleportation {unknown}
 h - a scroll of fear {unknown}
Potions
 g - a potion of ambrosia {unknown}
 k - a potion of curing {unknown}
 l - a potion of magic
 n - a potion of might {unknown}


   Skills:
 - Level 1.5 Dodging
 - Level 2.1 Stealth
 + Level 2.7 Spellcasting
 + Level 0.6 Conjurations
 + Level 1.8 Transmutations
 + Level 4.4 Earth Magic


You had 2 spell levels left.
You knew the following spells:

 Your Spells              Type           Power      Damage    Failure   Level
a - Sandblast             Erth           36%        2d10      2%          1
s - Stone Arrow           Conj/Erth      22%        3d8       17%         3
w - Passwall              Tmut/Erth      10%        N/A       7%          2

Your spell library contained the following spells:

 Spells                   Type           Power      Damage    Failure   Level
 Dazzling Flash           Conj/Hex       6%         N/A       41%         3
 Petrify                  Tmut/Erth      13%        N/A       41%         4
 Agony                    Necr           2%         N/A       99%         5
 Silence                  Hex/Air        1%         N/A       99%         5


Dungeon Overview and Level Annotations

Branches:
Dungeon (3/15)

Altars:

Shops:
D:1 :

Annotations:
D:2 1 runed translucent door, Crazy Yiuf


Innate Abilities, Weirdness & Mutations

You are immune to sickness and miasma.
Your stone body is resilient. (AC +3)
You are immune to poison.
You resist negative energy. (rN+)
You are resistant to electric shocks. (rElec)
You are resistant to unholy torment.
You are immune to petrification.


Message History

Aiming: Sandblast (safe; 2% risk of failure)
Press: ? - help, Shift-Dir - straight line, f - gnoll
Aim: a gnoll, wielding a +0 quarterstaff (84% to hit)
The blast of sand hits the gnoll.
The gnoll is moderately wounded.
The gnoll hits you with a +0 quarterstaff.
Unknown command.
The gnoll attacks as you move away!
The gnoll hits you with a +0 quarterstaff!
The gnoll attacks as you move away!
The gnoll hits you with a +0 quarterstaff.
Found a stone staircase leading down.
The gnoll attacks as you move away! The gnoll completely misses you.
The gnoll attacks as you move away! The gnoll closely misses you.
Casting: Sandblast (safe; 2% risk of failure)
Confirm with . or Enter, or press ? or * to list all spells.
Aiming: Sandblast (safe; 2% risk of failure)
Press: ? - help, Shift-Dir - straight line, f/p - gnoll
Aim: a gnoll, wielding a +0 quarterstaff (moderately wounded, 84% to hit)
The blast of sand hits the gnoll.
The gnoll is heavily wounded.
The gnoll closely misses you. The gnoll barely misses you.
Unknown command.
Things that are here:
a +0 spear; 3 gold pieces; a +0 spear The gnoll attacks as you move away!
The gnoll hits you with a +0 quarterstaff!
* * * LOW HITPOINT WARNING * * *
Unknown command.
A goblin comes into view. It is wielding a +0 dagger.
The gnoll attacks as you move away! The gnoll barely misses you.
The gnoll attacks as you move away! The gnoll barely misses you.
The gnoll attacks as you move away!
The gnoll hits you with a +0 quarterstaff.
* * * LOW HITPOINT WARNING * * *
There is a stone staircase leading down here.
Unknown command.
The gnoll attacks as you move away!
The gnoll hits you with a +0 quarterstaff.
You die...

.. . ###. #.. ...
# #.# .# #.# . #
#@#.#
#..#######g#.###.#
#......g..........
#.####.###.#####.#
#.# #.# #g# #.#
###.###.#
#.......##
#........#


You could see a gnoll.

Vanquished Creatures
  2 gnolls (D:3)
  An adder (D:2)
  A worm (D:2)
  3 endoplasms
  7 goblins
  2 hobgoblins
  2 kobolds
  4 quokkas
  4 ball pythons
  7 bats
  3 frilled lizards (D:1)
  4 rats
40 creatures vanquished.

Vanquished Creatures (others)
  2 fungi (D:2)
2 creatures vanquished.

Grand Total: 42 creatures vanquished

Notes
Turn   | Place    | Note
-------+----------+-------------------------------------------
     0 | D:1      | magipi the Gargoyle Earth Elementalist began the quest for
                  | the Orb.
     0 | D:1      | Reached XP level 1. HP: 10/10 MP: 3/3
   273 | D:1      | Reached skill level 1 in Transmutations
   275 | D:1      | Found Anol's Book Shop.
   316 | D:1      | Reached XP level 2. HP: 15/15 MP: 0/5
   897 | D:2      | Learned a level 2 spell: Passwall
   908 | D:2      | Reached skill level 4 in Earth Magic
  1011 | D:2      | Reached XP level 3. HP: 19/19 MP: 2/6
  1185 | D:2      | Identified the +5 hand axe of Wysi {flame, rC+ rN+ Dex+8}
  1276 | D:2      | Learned a level 3 spell: Stone Arrow
  1398 | D:2      | Found a runed translucent door.
  1399 | D:2      | Noticed Crazy Yiuf
  1566 | D:3      | Reached XP level 4. HP: 24/24 MP: 4/8
  1589 | D:3      | Slain by a gnoll

Illustrated notes

Levels and vault maps discovered:
D:1:      lemuel_arrival_room, layout_basic, serial_shops, shop, serial_glass,
          glass_columns_a, glass_columns_b, glass_columns_b, glass_columns_c,
          glass_columns_c, glass_columns_a, glass_columns_a, glass_columns_a,
          glass_columns_b, glass_columns_b, glass_columns_b, glass_columns_c,
          glass_columns_c, glass_columns_c, minivault_5, serial_bayou_pond_e
D:2:      layout_basic, uniq_crazy_yiuf_cottage
D:3:      layout_loops_ring, mainiacjoe_overflow_cross_hatched,
          mainiacjoe_overflow_two_lobes, grunt_ministairs_9

Skill      XL: |  1  2 |
---------------+-------+-----
Transmutations | 1 |  1.8
Earth Magic    | 4 |  4.4
Dodging        | |  1.5
Stealth        | |  2.1
Spellcasting   | |  2.7
Conjurations   | |  0.6

Action                     |  1- 3 |  4- 6 || total
---------------------------+-------+-------++-------
  Melee: Short sword       |     1 |       ||     1
         Hand axe          |     7 |       ||     7
   Cast: Sandblast         |    45 |     4 ||    49
   Stab: Sleeping          |     2 |       ||     2
 Armour: Robe              |     8 |     1 ||     9
  Dodge: Dodged            |    14 |     6 ||    20

Action                     |  1- 3 |  4- 6 || total
---------------------------+-------+-------++-------
  Melee: Short sword       |     1 |       ||     1
         Hand axe          |     7 |       ||     7
   Cast: Sandblast         |    45 |     4 ||    49
   Stab: Sleeping          |     2 |       ||     2
 Armour: Robe              |     8 |     1 ||     9
  Dodge: Dodged            |    14 |     6 ||    20
